 Dungeon Crawl Stone Soup version 0.31-a0-188-g5e087ee2ca (webtiles) character file.

Game seed: 15050213300730054272

282 qw the Skirmisher (level 6, -12/35 HPs)
             Began as a Deep Elf Hunter on June 23, 2023.
             Killed from afar by an orc wizard (14 damage)
             ... with a puff of flame
             ... on level 3 of the Dungeon.
             The game lasted 00:01:02 (2188 turns).

qw the Skirmisher (Deep Elf Hunter)                 Turns: 2188, Time: 00:01:03

Health: -12/35     AC:  5    Str: 10    XL:     6   Next: 6%
Magic:  8/8        EV: 11    Int: 14    God:
Gold:   128        SH:  0    Dex: 18    Spells: 5/5 levels left

rFire   . . .        Y - +2 shortbow
rCold   + . .        (shield currently unavailable)
rNeg    . . .        h - +0 ring mail
rPois   .            (no helmet)
rElec   .            (no cloak)
rCorr   .            (no gloves)
SInv    .            (no boots)
Will    .....        (no amulet)
Stlth   +            l - ring of protection from cold
HPRegen 0.25/turn    (no ring)
MPRegen 0.11/turn

%: no passive effects
@: no status effects
A: no striking features
a: no special abilities


You were on level 3 of the Dungeon.
You visited 1 branch of the dungeon, and saw 3 of its levels.

You collected 128 gold pieces.


   Skills:
 - Level 2.0 Fighting
 + Level 9.4 Ranged Weapons
 - Level 2.4 Dodging
 - Level 1.2 Stealth


You had 5 spell levels left.
You didn't know any spells.
Your spell library was empty.

Inventory:

Hand Weapons
 Y - a +2 shortbow (weapon)
Armour
 d - a +0 helmet
 h - a +0 ring mail (worn)
Jewellery
 f - a ring of magical power
 l - a ring of protection from cold (left hand)
Scrolls
 a - a scroll of teleportation
 b - a scroll of identify {unknown}
Potions
 c - 2 potions of cancellation {unknown}
 e - a potion of lignification {unknown}
 i - a potion of brilliance {unknown}
 j - 3 potions of heal wounds {unknown}

Dungeon Overview and Level Annotations

Branches:
Dungeon (3/15)

Altars:

Annotations:
D:2 1 runed translucent door, Crazy Yiuf


Message History

You hear some strange, mumbled words.
A magic dart appears from out of thin air!
The magic dart hits you.
You shoot an arrow. Something hits you.
You shoot an arrow.
You hear some strange, mumbled words.
A puff of flame appears from out of thin air!
The puff of flame misses you.
An orc comes into view. It is wielding a +0 short sword.
Something hits you but does no damage.
2173 ||| FLEEEEING.
Something hits you.
The orc shouts!
2174 ||| FLEEEEING.
Something hits you.
2175 ||| FLEEEEING.
Something hits you but does no damage.
2176 ||| FLEEEEING.
2177 ||| FLEEEEING.
Something hits you.
You see here a rat corpse.
2178 ||| FLEEEEING.
A magic dart appears from out of thin air!
The magic dart hits you.
2179 ||| FLEEEEING.
Enter note:
Enter note:
Enter note:
Enter note:
2180 ||| FLEEEEING.
2181 ||| FLEEEEING.
2182 ||| STILL FLEEEEING.
2183 ||| STILL FLEEEEING.
2184 ||| FLEEEEING.
2185 ||| STILL FLEEEEING.
2186 ||| STILL FLEEEEING.
2187 ||| STILL FLEEEEING.
A magic dart appears from out of thin air!
The magic dart hits you.
2188 ||| STILL FLEEEEING.
A puff of flame appears from out of thin air!
The puff of flame hits you!
You die...

#. #...# #..# #......# #...#
#..###..##### #...#
#.......## # #...# #........#
..
########...########.###)##...
#.....(................).#..%
.................#../.....>..
#.....................#..#...
######.#...#@##.#.....#).# ..
#.#...#.##.##......<#
#.#...#.##.##.#.###.#
#.#...#.##...###....#
#.#...#{#####.#.#####
#.......# #.......# #
#.#.).#.###.##.##.#### # #
#...#...#. #.......###
#.###.#.#.....# ####.##..>.


There were no monsters in sight!

Vanquished Creatures
  Sigmund (D:2)
  Robin (D:3)
  An adder (D:2)
  5 dart slugs
  2 orcs (D:3)
  5 endoplasms
  4 giant cockroaches
  17 goblins
  7 hobgoblins
  A jackal (D:1)
  5 quokkas
  11 ball pythons
  8 bats
  6 frilled lizards
  6 kobolds
  7 rats
87 creatures vanquished.

Notes
Turn   | Place    | Note
-------+----------+-------------------------------------------
     0 | D:1      | qw the Deep Elf Hunter began the quest for the Orb.
     0 | D:1      | Reached XP level 1. HP: 12/12 MP: 3/3
     0 | D:1      | 0 ||| qw: Version: 0.3-a-9-g12657ce
     0 | D:1      | 0 ||| qw: Game counter: 3813
     0 | D:1      | 0 ||| qw: Always use a shield: true
     0 | D:1      | 0 ||| qw: God list: Okawaru
     0 | D:1      | 0 ||| qw: Allow faded altars: false
     0 | D:1      | 0 ||| qw: Do Orc after D:15 true
     0 | D:1      | 0 ||| qw: Do second Lair branch before Depths: true
     0 | D:1      | 0 ||| qw: Lair rune preference: random
     0 | D:1      | 0 ||| qw: Plans: Normal
     0 | D:1      | 0 ||| PLANNING D:1-11
   165 | D:1      | Reached skill level 6 in Ranged Weapons
   165 | D:1      | Reached XP level 2. HP: 16/16 MP: 4/4
   199 | D:1      | 199 ||| Stepping ~*~*~tactically~*~*~ (outnumbered).
   213 | D:1      | HP: 2/16 [dart slug/slug dart (5)]
   218 | D:1      | Reached XP level 3. HP: 4/20 MP: 5/5
   226 | D:1      | 226 ||| FLEEEEING.
   536 | D:1      | 536 ||| UPGRADING to +0 ring mail.
   546 | D:1      | 546 ||| DROPPING +0 leather armour.
   547 | D:1      | 547 ||| UPGRADING to ring of protection from cold.
   548 | D:1      | 548 ||| READING scroll labelled XOIRRO QELEGU.
   649 | D:1      | 649 ||| READING scroll labelled LOCAIG RAIREPPUFI.
   650 | D:1      | 650 ||| READING scroll labelled GETHRA CETRERR.
   655 | D:1      | 655 ||| READING scroll labelled HITUIN VELE.
   656 | D:1      | 656 ||| DROPPING scroll of butterflies.
   690 | D:2      | Reached skill level 7 in Ranged Weapons
   712 | D:2      | Noticed Sigmund
   727 | D:2      | Killed Sigmund
   728 | D:2      | Reached skill level 9 in Ranged Weapons
   728 | D:2      | Reached XP level 4. HP: 22/25 MP: 6/6
   728 | D:2      | Reached XP level 5. HP: 26/29 MP: 7/7
  1085 | D:2      | Found a runed translucent door.
  1086 | D:2      | Noticed Crazy Yiuf
  1155 | D:2      | 1155 ||| READING scroll of enchant weapon.
  1155 | D:2      | 1155 ||| ENCHANTING +1 shortbow.
  1604 | D:2      | 1604 ||| READING scroll labelled TEUVIR QURA.
  1606 | D:2      | 1606 ||| Stepping ~*~*~tactically~*~*~ (cloud).
  1905 | D:3      | 1905 ||| Stepping ~*~*~tactically~*~*~ (outnumbered).
  1908 | D:3      | Noticed Robin
  1913 | D:3      | 1913 ||| Stepping ~*~*~tactically~*~*~ (outnumbered).
  1937 | D:3      | Killed Robin
  1938 | D:3      | Reached XP level 6. HP: 18/35 MP: 8/8
  2173 | D:3      | 2173 ||| FLEEEEING.
  2174 | D:3      | 2174 ||| FLEEEEING.
  2175 | D:3      | 2175 ||| FLEEEEING.
  2176 | D:3      | 2176 ||| FLEEEEING.
  2177 | D:3      | 2177 ||| FLEEEEING.
  2178 | D:3      | 2178 ||| FLEEEEING.
  2178 | D:3      | HP: 3/35 [something/magic dart (6)]
  2179 | D:3      | 2179 ||| FLEEEEING.
  2180 | D:3      | 2180 ||| FLEEEEING.
  2181 | D:3      | 2181 ||| FLEEEEING.
  2184 | D:3      | 2184 ||| FLEEEEING.
  2187 | D:3      | HP: 1/35 [something/magic dart (4)]
  2188 | D:3      | Killed from afar by an orc wizard

Levels and vault maps discovered:
D:1:      dpeg_arrival_stone_temple_mockup, layout_basic, minmay_octomino_c4
D:2:      layout_basic, uniq_crazy_yiuf_cottage, uniq_sigmund
D:3:      layout_loops_cross, uniq_robin

Skill      XL: |  1  2  3  4  5 |
---------------+----------------+-----
Ranged Weapons | 6 9 |  9.4
Fighting       | 2 |  2.0
Dodging        | |  2.4
Stealth        | |  1.2

Action                     |  1- 3 |  4- 6 || total
---------------------------+-------+-------++-------
   Fire: Shortbow          |    98 |   136 ||   234
    Use: Scroll            |     4 |     2 ||     6
 Armour: Leather armour    |     7 |       ||     7
         Ring mail         |     2 |    27 ||    29
  Dodge: Dodged            |    30 |    24 ||    54

Table legend:
 A = Non-vault XP
 B = Vault XP
 C = Vault XP percentage of total XP
 D = Non-vault monster count
 E = Vault monster count
 F = Vault count percentage of total count
                 A         B        C        D         E       F
            +---------+---------+-------+---------+---------+-------
      Total |     119 |     285 |  70.5 |      65 |      22 |  25.3
            +---------+---------+-------+---------+---------+-------
        D:1 |      41 |      21 |  33.9 |      27 |       8 |  22.9
        D:2 |      47 |     226 |  82.8 |      20 |       1 |   4.8
        D:3 |      31 |      38 |  55.1 |      18 |      13 |  41.9
            +---------+---------+-------+---------+---------+-------
